[Event "Rudolf Teschner GT 2022"]
[Site "Berlin"]
[Date "2022.05.28"]
[Round "6.1"]
[White "Klenburg, Michael"]
[Black "Van den Doel, Erik"]
[Result "0-1"]
[ECO "A07"]
[WhiteElo "2346"]
[BlackElo "2581"]
[Annotator "TA"]
[PlyCount "64"]
[EventDate "2022.05.25"]
[EventType "swiss"]
[EventCountry "GER"]
[SourceTitle "playchess.com"]
[Source "ChessBase"]
[SourceQuality "1"]
[TimeControl "5400+30"]

1. Nf3 d5 2. g3 g6 3. Bg2 Bg7 4. O-O e5 5. d3 Ne7 6. e4 O-O 7. Nbd2 a5 {[%emt 0:09:37] A07: Réti Opening: New York and Capablanca Systems.} 8. a4 Nbc6 9. c3 h6 {[%emt 0:03:57] The position is equal.} 10. exd5 Nxd5 11. Re1 Nb6 $5 {[%emt 0:01:35][%mdl 4] [#] A promising side line.} 12. Qc2 $146 ({Predecessor:} 12. Nb3 Re8 13. h3 Kh7 14. d4 exd4 15. Rxe8 Qxe8 16. Nfxd4 Nxd4 17. Nxd4 c6 18. Bf4 {½-½ (24) Polugaevsky,L-Dorfman,J Yerevan 1975}) 12... Bf5 13. Ne4 Rb8 14. b3 Re8 15. Ba3 Nd5 {[%emt 0:06:01] Inhibits b4.} 16. Nfd2 b6 17. Nc4 Be6 18. Bb2 Qd7 19. Rad1 Rbd8 20. f3 g5 21. Re2 Nde7 22. Red2 Ng6 (22... f5 $5 23. Nf2 Bf6 $11) 23. Qb1 Bd5 24. Qc2 f5 25. Nf2 h5 26. Re1 g4 (26... h4 $15) 27. Qd1 (27. fxg4 $11 hxg4 28. Bxd5+ Qxd5 29. Rde2) 27... Bh6 (27... Rf8 $15) 28. Rc2 Qg7 {[%emt 0:01:43][%cal Og6h4] Threatens to win with ...Nh4!} 29. fxg4 Bxg2 30. g5 Bxg5 31. Kxg2 e4 32. Qxh5 {[%emt 0:01:00] [#]} ({Better is} 32. Nh3 $11 Bh6 33. Qxh5 exd3 34. Rxe8+ Rxe8 35. Rf2) 32... Bd2 $1 {[%emt 0:00:47][%mdl 512] Weighted Error Value: White=0.21 (precise) /Black=0.09 (flawless)} 0-1

[Event "Rudolf Teschner GT 2022"]
[Site "Berlin"]
[Date "2022.05.28"]
[Round "6.2"]
[White "Brustkern, Juergen"]
[Black "Florstedt, Johannes"]
[Result "0-1"]
[ECO "A03"]
[WhiteElo "2179"]
[BlackElo "2365"]
[Annotator "TA"]
[PlyCount "78"]
[EventDate "2022.05.25"]
[EventType "swiss"]
[EventCountry "GER"]
[SourceTitle "playchess.com"]
[Source "ChessBase"]
[SourceQuality "1"]
[TimeControl "5400+30"]

1. f4 d5 2. Nf3 g6 3. e3 Bg7 4. Be2 c5 5. O-O Nc6 6. d3 Nf6 7. a4 O-O 8. Kh1 Qc7 {[%emt 0:00:39] A03: Bird's Opening with 1...d5.} 9. Nc3 a6 10. e4 {[%emt 0:00:37] [#]} d4 $146 {[%emt 0:04:15][%cal Bd5d4,Bd4e3][%mdl 32] Black has an edge.} ({Predecessor:} 10... dxe4 11. dxe4 Rd8 12. Qe1 Nb4 13. Bc4 Nxc2 14. Qh4 Nxa1 15. f5 b5 16. axb5 axb5 17. Nxb5 {1-0 (27) Mesic,I (2078)-Salimova,N (2398) Budva 2021}) 11. Nb1 ({But not} 11. Nd5 Nxd5 12. exd5 Nb4 $17) 11... Ng4 12. Ng1 Ne3 {[%emt 0:00:11] Black is much more active.} 13. Bxe3 dxe3 14. Nc3 Nb4 $1 15. Rc1 Bh6 (15... f5 $5 ) 16. Qe1 Bxf4 17. Qh4 Be5 18. Nd1 Nc6 19. c3 Bf6 20. Qh6 Bg7 21. Qh4 c4 (21... b5 $17) 22. d4 e5 23. Bxc4 Na5 ({Much weaker is} 23... exd4 24. cxd4 Qb6 25. Nxe3 Qxd4 26. Nd5 Qxb2 27. Rb1 $14) 24. Bd5 exd4 {[%emt 0:00:21] And now ...Be6 would win.} 25. b4 {[%emt 0:00:17] [#]} Be6 26. bxa5 $11 Bxd5 27. exd5 Rae8 {[%emt 0:05:57] Against Qe4. White must now prevent ...e2.} 28. Re1 f5 29. d6 (29. Rb1 $5 ) 29... Qxa5 30. cxd4 $2 {[%emt 0:05:37][%mdl 8192] [#]} (30. Qf4 $11 {and White is okay.}) 30... Bf6 $1 $19 {[%emt 0:04:52][%mdl 64] Deflection} 31. Qh6 (31. Qg3 $142 f4 32. Qxf4 Qxe1 33. d7) 31... Qxe1 32. Rc7 Rf7 33. Rxf7 Kxf7 34. d7 Rd8 {[%emt 0:03:19] ( -> ...e2)} 35. Nxe3 Bg7 36. Qg5 Rxd7 37. Nxf5 gxf5 38. Qxf5+ Ke8 39. Qxh7 {[%emt 0:00:35] [#]} Qxg1+ $3 {[%emt 0:00:12][%mdl 512] Weighted Error Value: White=1.07/Black=0.27 (precise)} 0-1

[Event "Rudolf Teschner GT 2022"]
[Site "Berlin"]
[Date "2022.05.28"]
[Round "6.3"]
[White "Tscheuschner, Georg"]
[Black "Spiess, Gunter"]
[Result "1/2-1/2"]
[ECO "D27"]
[WhiteElo "2150"]
[BlackElo "2388"]
[Annotator "TA"]
[PlyCount "79"]
[EventDate "2022.05.25"]
[EventType "swiss"]
[EventCountry "GER"]
[SourceTitle "playchess.com"]
[Source "ChessBase"]
[SourceQuality "1"]
[TimeControl "5400+30"]

1. c4 e6 2. Nf3 d5 3. e3 Nf6 4. Nc3 dxc4 5. Bxc4 a6 6. d4 b5 7. Bb3 Bb7 8. O-O c5 9. e4 {[%emt 0:14:15] D27: Queen's Gambit Accepted: Classical main line: 7 e4!? and 7 a4.} cxd4 10. Nxd4 {[%emt 0:03:17] Black should prevent e5.} Nc6 11. Nxc6 Qxd1 12. Rxd1 Bxc6 13. f3 Bc5+ 14. Kf1 Rc8 {[%emt 0:03:33] [#]} 15. Ne2 $146 ({Predecessor:} 15. Bf4 Ke7 16. Rac1 Nd7 17. Ne2 Rhd8 18. Bg3 Bb6 19. Bh4+ f6 20. Bf2 Bxf2 21. Kxf2 {½-½ (55) Bacrot,E (2695)-Bareev,E (2653) Ajaccio 2007}) 15... h6 16. Nd4 Bb7 17. Be3 Ke7 18. Rac1 Bd6 19. h3 Rhd8 20. a4 b4 21. a5 Nd7 22. Bc4 Nc5 23. b3 Nd7 24. Kf2 Ne5 25. Be2 Rc3 (25... g5 $11) 26. f4 $16 Ng6 {[%emt 0:03:37][%cal Oc3e3] [#] Hoping for ...Rxe3!} 27. e5 (27. Bxa6 $142 $1 Bxe4 {[#]} 28. Bd3 $1 Rxd3 29. Rxd3) 27... Bc7 {[%emt 0:00:10] [#]} 28. Bxa6 $1 Bxa6 $11 29. Rxc3 {[%emt 0:00:05][%mdl 64] Remove Defender} bxc3 30. Nc6+ {[%emt 0:00:04][%mdl 64] Discovered Attack, Double Attack} Ke8 31. Nxd8 c2 {[%emt 0:01:51] [#]} 32. Rc1 {[%emt 0:00:01][%cal Od8f7] Nxf7! is the strong threat.} Kxd8 {[%emt 0:00:36] The position is equal.} ({But not} 32... Bxd8 33. Rxc2 Kd7 34. Rd2+ Kc8 35. b4 $14 (35. Rd6 Bb5 $14)) 33. Rxc2 Ne7 $1 (33... Bxa5 $2 34. Ra2 $18) 34. Bb6 Bxb6+ 35. axb6 {[%emt 0:00:02] aiming for Rc7.} Nd5 {[%emt 0:00:57][%csl LRb6,LRf4] Prevents Rc7.} 36. Rc6 Bb7 37. Rd6+ Ke7 38. g3 Nc3 {[%emt 0:01:16] White must now prevent ...Ne4+.} 39. Ke3 h5 40. Rd4 {[%emt 0:02:25] Weighted Error Value: White=0.10 (very precise) /Black=0.05 (flawless)} 1/2-1/2

[Event "Rudolf Teschner GT 2022"]
[Site "Berlin"]
[Date "2022.05.28"]
[Round "6.4"]
[White "Tschernatsch, Johannes"]
[Black "Langrock, Hannes"]
[Result "0-1"]
[ECO "B40"]
[WhiteElo "2358"]
[BlackElo "2351"]
[Annotator "TA"]
[PlyCount "100"]
[EventDate "2022.05.25"]
[EventType "swiss"]
[EventCountry "GER"]
[SourceTitle "playchess.com"]
[Source "ChessBase"]
[SourceQuality "1"]
[TimeControl "5400+30"]

1. e4 c5 2. Nf3 e6 3. g3 Nc6 4. Bg2 Nf6 5. Qe2 e5 6. O-O {[%emt 0:00:11] B40: Sicilian: 2...e6, Unusual lines.} Be7 7. c3 O-O 8. Na3 {[%emt 0:00:10][%cal Bb1a3,Ba3c4,Bc4e3][%mdl 32] The position is equal. 8.Na3 is better than 8.Rd1.} Re8 9. d3 h6 10. Nc4 Bf8 11. Nh4 d5 12. Ne3 Be6 {[%emt 0:04:32] [#]} 13. exd5 $146 ({Predecessor:} 13. Qf3 Ne7 14. Nhf5 d4 15. Nxe7+ Bxe7 16. Nd5 Qd7 17. Nxe7+ Rxe7 18. Qe2 dxc3 19. bxc3 {0-1 (59) Alexeev,A (2292)-Khalifman,A (2616) Sochi 2019}) 13... Nxd5 14. Rd1 {[%emt 0:02:18] [#]} (14. a3 $15) 14... Nf4 $1 $17 15. gxf4 exf4 ({Of course not} 15... Qxh4 $6 16. f5 Bd7 17. Be4 $11) 16. Nf3 fxe3 17. fxe3 Qd7 {[%emt 0:01:16] Black is more active.} 18. e4 Bh3 19. Bf4 Rad8 20. Bg3 Bxg2 21. Qxg2 f5 22. Rd2 fxe4 23. dxe4 Qe6 24. e5 Rxd2 25. Qxd2 Rd8 26. Qe2 Qd5 27. c4 Qd3 28. Re1 (28. Qxd3 $15 Rxd3 29. Kf2) 28... g5 29. Qe4 ({White should try} 29. Kg2 $15) 29... Qxe4 30. Rxe4 Kf7 31. h4 Kg6 32. hxg5 hxg5 33. e6 Re8 ({Better is} 33... Rd3 $17 34. Kf2 Kf5) 34. Kg2 Bg7 35. Re2 Bf6 (35... g4 $5 36. Nh2 (36. Nh4+ Kg5 $17) 36... Nd4 $17) 36. Bd6 b6 37. a3 {[%emt 0:02:34] [#]} (37. b3 $15) 37... Na5 $1 38. b4 cxb4 ({Worse is} 38... Nxc4 39. bxc5 g4 40. Nd2 Nxd2 41. Rxd2 $11) 39. Bxb4 Nxc4 40. Re4 {[%emt 0:02:33] [#]} b5 (40... Nb2 $1 $17 {...Kf5 is the strong threat.} 41. e7 Nd3) 41. e7 $15 Kf5 42. Re2 g4 43. Nh2 Ne5 {[%emt 0:00:44] White must now prevent ...Nd3.} 44. Kg3 {[%emt 0:00:57] This costs White the game.} ({White should play} 44. Nf1 $15) 44... Bxe7 $19 45. Bxe7 (45. Nxg4 $17 {was called for.} Bh4+ 46. Kh3) 45... Rxe7 46. Nxg4 {[%emt 0:00:10] KRN-KRN} a5 47. Rf2+ (47. Re1 {might work better.}) 47... Ke4 48. Re2+ Kd4 {[%emt 0:00:04][%cal Oe7g7] And now ...Rg7! would win.} 49. Rd2+ $2 (49. Nh6 Rd7 50. Nf5+ Kd5 51. Ne3+ Kc5 52. Kf4) 49... Kc5 $2 (49... Nd3 50. Nf6 b4 51. axb4 axb4) 50. Re2 Nc6 {[%emt 0:00:07] Weighted Error Value: White=0.32/Black=0.28 (precise)} 0-1

[Event "Rudolf Teschner GT 2022"]
[Site "Berlin"]
[Date "2022.05.28"]
[Round "6.6"]
[White "Greiner, Timo"]
[Black "Paulsen, Dirk"]
[Result "1/2-1/2"]
[ECO "B05"]
[WhiteElo "2049"]
[BlackElo "2309"]
[Annotator "TA"]
[PlyCount "84"]
[EventDate "2022.05.25"]
[EventType "swiss"]
[EventCountry "GER"]
[SourceTitle "playchess.com"]
[Source "ChessBase"]
[SourceQuality "1"]
[TimeControl "5400+30"]

1. e4 Nf6 2. e5 Nd5 3. d4 d6 4. Nf3 Bg4 5. Be2 c6 6. O-O Bxf3 7. Bxf3 dxe5 8. dxe5 e6 9. Qe2 Nd7 10. b3 Bb4 {[%emt 0:00:59] B05: Alekhine's Defence: 4 Nf3 Bg4.} (10... Qc7 $5 ) 11. Bb2 {[%emt 0:03:07] [#]} Qg5 $146 {[%emt 0:06:53] [#]} (11... Qc7 $14) ({Predecessor:} 11... O-O 12. a3 Ba5 13. b4 Bb6 14. g3 Qg5 15. Bg2 Ne7 16. Nd2 Ng6 17. Nc4 Bc7 18. f4 Qe7 19. Rad1 Rab8 20. Kh1 c5 21. Nd6 Bxd6 22. exd6 Qd8 23. f5 exf5 24. Rxf5 {1-0 (24) Tonelli,C-Giuganino,S Italy 1984}) 12. Bxd5 (12. g3 $1 $16) 12... exd5 $11 13. e6 Nf6 14. exf7+ Kxf7 15. Nc3 Rhe8 16. Qd3 Qg6 17. Rfd1 Rad8 {[%emt 0:06:07] aiming for ...Qxd3.} 18. a3 Bd6 19. Qxg6+ hxg6 20. Re1 g5 21. Ne2 g4 22. Ng3 Bxg3 (22... c5 {seems wilder.} 23. Nf5 Bf4 24. b4 b6) 23. hxg3 Ne4 24. Re2 Rd6 25. Rae1 Rh6 {[%emt 0:00:36] ( -> ...Reh8)} 26. f3 $1 {[%emt 0:01:00] [#]} Rh1+ $1 27. Kxh1 Nxg3+ 28. Kg1 Rxe2 29. Rxe2 Nxe2+ {[%emt 0:00:05][%mdl 4096] Endgame KB-KN} 30. Kf2 Nf4 31. fxg4 g6 32. Bc1 Ne6 33. Bb2 Ke7 34. Be5 Kd7 35. Ke3 c5 36. c3 Kc6 37. a4 d4+ ({Black should play} 37... b5 $17) 38. Ke4 $1 {[%emt 0:03:13][%cal Rc3d4] The position is equal.} ({Much worse is} 38. cxd4 Kd5 39. Kd3 Nxd4 $17) 38... Ng5+ 39. Kf4 $1 Ne6+ 40. Ke4 Ng5+ 41. Kf4 $1 Ne6+ 42. Ke4 Ng5+ {[%emt 0:00:03] Weighted Error Value: White=0.10 (very precise) /Black=0.13 (very precise)} 1/2-1/2

[Event "Rudolf Teschner GT 2022"]
[Site "Berlin"]
[Date "2022.05.29"]
[Round "7.2"]
[White "Van den Doel, Erik"]
[Black "Strache, Michael"]
[Result "1-0"]
[ECO "A80"]
[WhiteElo "2581"]
[BlackElo "2302"]
[Annotator "TA"]
[PlyCount "91"]
[EventDate "2022.05.25"]
[EventType "swiss"]
[EventCountry "GER"]
[SourceTitle "playchess.com"]
[Source "ChessBase"]
[SourceQuality "1"]
[TimeControl "5400+30"]

1. d4 f5 2. Nc3 Nf6 3. Bg5 d5 4. e3 c6 5. Bd3 Be6 6. Nf3 {[%emt 0:02:32] A80: Dutch Defence: Unusual White second moves.} g6 7. O-O Bg7 8. Ne2 {[%emt 0:00:05] [#] White is slightly better.} Ne4 $146 ({Predecessor:} 8... Nbd7 9. h3 O-O 10. Bf4 Ne4 11. b3 Kh8 12. c4 Bg8 13. Qc2 a5 14. a3 a4 15. bxa4 dxc4 16. Bxc4 Bxc4 17. Qxc4 {1-0 (41) Khurtsidze,N (2383)-Mikadze,M (2280) Tbilisi 2017}) 9. Rc1 Bf7 10. c4 $1 Nxg5 11. Nxg5 e6 $1 {[%emt 0:00:03] [#]} 12. Qb3 $1 Qb6 (12... Qxg5 $2 13. Qxb7 O-O 14. Qxa8 $18) (12... Qe7 13. Nf4) 13. Qa3 {[%emt 0:11:22] Black must now prevent cxd5.} Bf8 14. c5 Qc7 {[%emt 0:05:59] [#]} (14... Qd8 $14 15. Qb3 (15. Nxf7 Kxf7 16. b4 Nd7 $14) 15... b5) 15. b4 {[%emt 0:01:19] White is much more active.} (15. Nf4 $1 $16) 15... Be7 $14 16. Nf3 $36 {[%emt 0:02:27][%mdl 2048] White has some pressure.} Nd7 17. b5 O-O 18. Rb1 Rfb8 19. Rb3 g5 20. Rfb1 g4 21. Ne1 Be8 (21... cxb5 $14 22. Bxb5 Nf6) 22. bxc6 $16 bxc6 23. Qa6 Rxb3 24. axb3 Rb8 25. b4 Rb7 26. Nf4 Kf7 27. h3 Bg5 28. g3 Bxf4 29. exf4 h5 30. hxg4 hxg4 31. Bc2 Ke7 (31... Nf8 $16 32. Nd3 Ng6) 32. Nd3 Kd8 (32... Kf6 {was worth a try.} 33. Kg2 Kg7) 33. Kg2 $18 Nb8 (33... Ke7 $142 34. Rh1 Kf6) 34. Qa1 ({Inferior is} 34. Qa5 Qxa5 35. bxa5 Rxb1 36. Bxb1 Na6 $11) 34... Qg7 35. Rh1 {[%emt 0:01:11] Prevents Qh8.} Qg8 36. Qe1 Nd7 (36... Rg7 $142 37. Rh2 Kc7) 37. Ba4 Kc7 (37... Nf6 $142 38. Qe5 Qf8 39. Qxe6 Qe7) 38. b5 Nb8 39. Qe5+ {[%emt 0:00:54] White mates.} Kc8 40. Rh8 Qf7 41. bxc6 Re7 42. Qd6 Na6 43. Ne5 Qg7 44. Rxe8+ Rxe8 45. Qd7+ Qxd7 46. cxd7+ {[%emt 0:00:02] Weighted Error Value: White=0.10 (very precise) /Black=0.40} 1-0

[Event "Rudolf Teschner GT 2022"]
[Site "Berlin"]
[Date "2022.05.29"]
[Round "7.3"]
[White "Spiess, Gunter"]
[Black "Weihrauch, Jakob"]
[Result "1-0"]
[ECO "E04"]
[WhiteElo "2388"]
[BlackElo "2139"]
[Annotator "TA"]
[PlyCount "89"]
[EventDate "2022.05.25"]
[EventType "swiss"]
[EventCountry "GER"]
[SourceTitle "playchess.com"]
[Source "ChessBase"]
[SourceQuality "1"]
[TimeControl "5400+30"]

1. d4 Nf6 2. c4 e6 3. g3 d5 4. Nf3 dxc4 5. Bg2 c5 6. O-O Nc6 7. dxc5 Qxd1 8. Rxd1 Bxc5 9. Nbd2 c3 10. bxc3 O-O 11. Nb3 Be7 {[%emt 0:01:17] E04: Open Catalan: 5 Nf3.} 12. c4 Ne4 (12... Bd7 $11) 13. Bb2 $16 {[%emt 0:02:35] [#]} Nc5 $146 {[%emt 0:08:19] White is better.} ({Predecessor:} 13... a5 14. Nfd4 Nxd4 15. Nxd4 Nc5 16. Nb5 Na4 17. Be5 f6 18. Bd6 Bxd6 19. Rxd6 Ra6 {1-0 (33) Stefanova,A (2462)-Nilsson,J (2215) Chess.com INT 2020}) 14. Nxc5 {[%emt 0:16:27] White is more active.} Bxc5 15. Nd2 (15. Ne5 $16) 15... Be7 $14 16. Ne4 e5 17. Nd6 Bxd6 18. Rxd6 Be6 19. c5 Na5 ({Black should play} 19... Rac8 $14) 20. Bxe5 $16 Nc4 21. Bf4 g5 {[%emt 0:11:37] [#]} (21... Nxd6 $16 22. Bxd6 Rfe8) 22. Rxe6 $1 $18 fxe6 23. Bxg5 Rf7 24. Rb1 Rc8 (24... Na5 $16 {was worth a try.}) 25. Bh3 (25. Rxb7 Rxb7 26. Bxb7 Rxc5 $11) (25. Bxb7 $6 Rxc5 26. h4 Kg7 $14) 25... Rc6 26. Rb4 Rg7 27. Bc1 ({Worse is} 27. Rxc4 Rxg5 28. f4 Rd5 $11) (27. Bf6 $18 {and White stays clearly on top.} Rg6 28. Bd4 (28. Rxc4 Rxf6 29. Bg2 Rc7 $11)) 27... Na5 (27... b5 $16 {was necessary.}) 28. Be3 e5 (28... Re7 {might work better.} 29. Ra4 Ra6) 29. Bg2 Ra6 (29... Rc8 $142 30. Bd5+ Kh8) 30. Bd5+ Kf8 31. Rh4 Ke7 $2 (31... Rd7) 32. Rh5 Nc6 33. h4 {[%emt 0:00:41] Strongly threatening Bh6.} Kd7 34. Bh6 Rg6 35. Bg5 {[%emt 0:00:17] This bishop pair is nice.} h6 36. Bxh6 {[%emt 0:00:19] Threatens to win with Bg5.} ({Weaker is} 36. Rxh6 Rxh6 37. Bxh6 Ne7 38. c6+ bxc6 $16) 36... Nb4 37. c6+ $1 bxc6 38. Bc4 Ra4 39. Bb3 Ra6 40. Be3 {[%emt 0:00:56] Black must now prevent Rh7+. White is clearly winning.} Kd6 41. Rh7 {[%emt 0:00:22] h5 is the strong threat.} c5 42. h5 Rf6 43. g4 {[%emt 0:01:12][%cal Bg3g4,Bg4g5][%mdl 32] aiming for g5.} Rf8 44. g5 Nxa2 45. Rh6+ {[%emt 0:00:12][%mdl 64] Skewer.  Weighted Error Value: White=0.21 (precise) /Black=0.42} 1-0

[Event "Rudolf Teschner GT 2022"]
[Site "Berlin"]
[Date "2022.05.29"]
[Round "7.4"]
[White "Klenburg, Michael"]
[Black "Tscheuschner, Georg"]
[Result "1/2-1/2"]
[ECO "B23"]
[WhiteElo "2346"]
[BlackElo "2150"]
[Annotator "TA"]
[PlyCount "109"]
[EventDate "2022.05.25"]
[EventType "swiss"]
[EventCountry "GER"]
[SourceTitle "playchess.com"]
[Source "ChessBase"]
[SourceQuality "1"]
[TimeControl "5400+30"]

1. e4 c5 2. Nc3 d6 3. d4 cxd4 4. Qxd4 Nc6 5. Qd2 g6 6. b3 {[%emt 0:00:34] B23: Closed Sicilian: Lines without g3.} Bh6 7. f4 Nf6 8. Bb2 O-O 9. O-O-O e5 {[%emt 0:00:14] 9...e5 scores better than 9...a5.} 10. g3 Re8 11. Bg2 (11. Qxd6 Bg4 12. Qxd8 Rexd8 13. Rxd8+ Rxd8 $11) 11... exf4 {[%emt 0:02:51][%cal Of4f3] Hoping for ...f3!} 12. gxf4 Bg4 13. Rf1 {[%emt 0:01:50] [#]} a5 $146 ({Predecessor:} 13... Bg7 14. h3 Bh5 15. Nge2 Bxe2 16. Qxe2 Nxe4 17. Nxe4 d5 18. Rd1 Qa5 19. a3 dxe4 20. Bxe4 {1-0 (29) Bhakti,K (2388)-Prraneeth,V (2409) Budapest 2022}) 14. a4 (14. h3 $5 Bh5 15. Kb1 $11) 14... Rc8 15. Kb1 Nb4 16. h3 Bh5 17. Rf2 $2 ({White should play} 17. Nf3 $15) 17... Qb6 $19 18. Qe1 $2 (18. Nf3 {is more resistant.} Bxf4 19. Qxf4 Qxf2 20. Qd2 Qxd2 21. Nxd2) 18... Bg7 19. Nge2 {[%emt 0:12:20] [#]} Nxe4 20. Bxe4 $17 {[%emt 0:00:38] [#]} Rxe4 $1 21. Nxe4 Bxb2 {[%emt 0:14:01] This bishop pair is nice.} 22. N2g3 $2 (22. Kxb2 $2 Rxc2+ 23. Kb1 (23. Ka1 $2 Bxe2 24. Nc3 Qd4 $19) 23... Nd3 24. Kxc2 Nxe1+ 25. Rxe1 d5 26. Nf6+ Kh8 $19) (22. N2c3 $17 Bxc3 23. Nxc3 Rxc3 24. Qxc3 Qxf2 25. Re1) 22... d5 $2 ({Black should try} 22... Bd4 $19 {[%cal Ob4c2] White must now prevent ...Nxc2!} 23. Rhh2 (23. Nxh5 $2 Nxc2 24. Ka2 Nxe1 $19) 23... d5) 23. Nxh5 $11 {[%emt 0:04:18][%cal Oe4g5] Ng5! is the strong threat. Really sharp!} dxe4 24. Kxb2 {[%emt 0:00:44][%cal Of2d2] Strongly threatening Rd2!} Qd4+ 25. Kb1 {[%emt 0:01:42] aiming for Rd2.} e3 {[%emt 0:03:52] Against Rd2} (25... gxh5 $2 26. Rd2 Qf6 27. Qxe4 $18) (25... Nd5 $1 $11 26. Rd2 Nc3+ 27. Kc1 Na2+ 28. Kb1 Nc3+ 29. Kc1 Na2+ 30. Kb1 Nc3+) 26. Nf6+ Kg7 27. Re2 Qxf6 $40 {[%emt 0:00:35][%mdl 128] White is in trouble.} 28. Rhh2 $2 (28. Qc1 $17) 28... Nd5 $2 (28... Qxf4 $19 {and Black stays clearly on top.} 29. Qc1 Nd5) 29. Rxe3 Qxf4 $2 (29... Nxe3 $17 30. Qxe3 Rc3) 30. Rhe2 $2 (30. Rg3 $16) 30... Nxe3 $19 31. Rxe3 {[%emt 0:00:04][%mdl 4096] Endgame KQR-KQR} b6 32. Rd3 h5 33. Qg1 Rc6 34. Qg2 Re6 {[%emt 0:01:31] Threatens to win with ...Re1+.} 35. Rd1 {[%emt 0:00:33] Inhibits Re1.} h4 36. Rf1 Qg3 37. Qb7 Re1+ 38. Rxe1 Qxe1+ {[%emt 0:00:03] KQ-KQ} 39. Ka2 Qe3 40. Qd7 Qe4 41. Qd2 Qf5 42. Qd4+ Qf6 43. Qe3 g5 44. c3 Kh6 45. c4 (45. Qd2 $142) 45... Qd6 46. Qf3 Qd2+ 47. Ka3 Qd6+ 48. Ka2 $1 Kg6 49. Qa8 Qh2+ 50. Ka3 Qxh3 $2 (50... Qe5 $19 51. Ka2 f5 52. Qg8+ Qg7 53. Qe8+ Qf7) 51. Qg8+ $15 Kf6 52. Qd8+ Kg6 (52... Ke5 $15 {was preferrable.} 53. Qxg5+ f5 54. Qe7+ Kf4 55. Qd6+ Kf3 56. Qxb6 Qf1 57. Qb7+ (57. Qxa5 Qa1+ 58. Kb4 Qe1+ 59. Kb5 Qxa5+ 60. Kxa5 h3 $19) 57... Kg3 58. Qg7+ Kf3 59. Qb7+ (59. Qc3+ Ke4 $15) 59... Kf2 60. Qa7+ Kg2 61. Qg7+ Kf3 62. Qb7+ (62. Qc3+ Ke4 $15)) 53. Qg8+ $11 Kf6 (53... Kh5 $11 54. Qxf7+ Kg4 55. Qe6+ Kg3 56. Qe3+ Kh2 57. Qxg5 (57. Qxb6 $2 Qc3 $17) 57... Qg3) 54. Qd8+ $15 Kg6 (54... Ke5 $15 55. Qxg5+ f5 56. Qe7+ Kf4 57. Qd6+ Kf3 58. Qd3+ Kg4 59. Qd4+ f4 60. Qg7+ Kf3 61. Qc3+ Kg2 62. Qd2+ Kg1 63. Qd1+ Qf1 64. Qg4+ Qg2 65. Qxf4 h3) 55. Qg8+ {Weighted Error Value: White=0.57/Black=0.61} 1/2-1/2

[Event "Rudolf Teschner GT 2022"]
[Site "Berlin"]
[Date "2022.05.29"]
[Round "7.5"]
[White "Jandke, Manfred"]
[Black "Sreyas Payyappat"]
[Result "0-1"]
[ECO "A39"]
[WhiteElo "2074"]
[BlackElo "2169"]
[Annotator "TA"]
[PlyCount "84"]
[EventDate "2022.05.25"]
[EventType "swiss"]
[EventCountry "GER"]
[SourceTitle "playchess.com"]
[Source "ChessBase"]
[SourceQuality "1"]
[TimeControl "5400+30"]

1. Nf3 Nf6 2. c4 c5 3. Nc3 Nc6 4. g3 g6 5. Bg2 Bg7 6. O-O O-O 7. d4 cxd4 8. Nxd4 Qa5 9. Nb3 Qh5 10. e4 {[%emt 0:00:55] A39: Symmetrical English vs ...g6: 4 Bg2 Bg7 5 Nf3 Nf6 6 0-0 0-0 7 d4.} d6 $1 {[%emt 0:09:01] 10...d6 scores better than 10...Qxd1.} 11. Qxh5 Nxh5 12. Rd1 {[%emt 0:03:01] The position is equal.} Bxc3 13. bxc3 Bg4 14. f3 Be6 15. c5 Bxb3 16. axb3 dxc5 {[%emt 0:00:04] [#]} 17. Be3 $146 ({Predecessor:} 17. f4 Rfd8 18. Be3 b6 19. e5 Rxd1+ 20. Rxd1 Rd8 21. Rxd8+ Nxd8 22. Kf2 Kf8 23. Ke2 {½-½ (57) Bu,X (2729)-Ponomariov,R (2675) Hengshui 2019}) 17... b6 18. f4 {[%emt 0:04:48][%mdl 1024] White has compensation.} e5 19. Bf3 Ng7 20. Rd6 Na5 21. Bd1 exf4 22. gxf4 Rfe8 (22... Ne8 $1 $15 23. Rd3 c4 24. bxc4 Nxc4) 23. Kf2 $11 Rac8 24. Bc2 Re7 25. Rad1 Ne8 26. Rd7 Rc7 27. Rxc7 Nxc7 28. Kf3 Kg7 29. Bf2 Nb5 30. Ra1 $2 {[%emt 0:07:48] Loses the game.} (30. b4 $11 Nxc3 31. bxa5 Nxd1 32. Bxd1) 30... Nxc3 $19 31. Be1 (31. Bxc5 {was called for.} Nxb3 32. Bxe7 Nxa1 33. Bd3) 31... Nb5 {[%emt 0:01:05] [#] ...Nd4+ is the strong threat.} 32. Bxa5 Nd4+ ({Inferior is} 32... bxa5 33. Ke3 $17) 33. Kg3 {[%emt 0:01:26] aiming for Bc3.} bxa5 {[%emt 0:02:17][%mdl 4096] Endgame KRB-KRN} ({But not} 33... Nxc2 $2 34. Bc3+ Nd4 35. Bxd4+ cxd4 36. Kf3 $19) 34. Bd1 Rxe4 35. Rxa5 Re1 {[%emt 0:10:54] Black is clearly winning.} 36. Bg4 f5 37. Rxa7+ Kh6 38. Kf2 Rb1 39. Bh3 Rb2+ 40. Ke1 Nf3+ 41. Kd1 Rd2+ 42. Kc1 Rxh2 {[%emt 0:00:05] Weighted Error Value: White=0.52/Black=0.14 (very precise)} 0-1